 Dungeon Crawl Stone Soup version 0.23-a0-386-g9c9d49f (webtiles) character file.

9926 lul123 the Cleaver (level 11, -8/83 HPs)
             Began as a Demonspawn Wanderer on Oct 25, 2018.
             Was a High Priest of Trog.
             Splashed by a wight's acid (11 damage)
             ... on level 9 of the Dungeon on Oct 28, 2018.
             The game lasted 00:19:49 (10265 turns).

lul123 the Cleaver (Demonspawn Wanderer)           Turns: 10265, Time: 00:19:50

Health: -8/83      AC:  9    Str: 16      XL:     11   Next: 29%
Magic:  11/11      EV: 13    Int: 15      God:    Trog [*****.]
Gold:   166        SH:  0    Dex: 14 (15) Spells: 10/10 levels left

rFire    . . .     SeeInvis .   E - +4 war axe
rCold    . . .     Gourm    .   (no shield)
rNeg     . . .     Faith    .   y - +4 ring mail {MR+}
rPois    .         Spirit   .   (helmet restricted)
rElec    .         Reflect  .   g - +1 cloak
rCorr    .         Harm     .   q - +0 pair of gloves
MR       +....     Rnd*Rage +   (no boots)
Stlth    +.........             (no amulet)
HPRegen  0.63/turn              h - ring of wizardry
MPRegen  0.12/turn              l - +4 ring of dexterity

@: corroded, heavily drained
A: horns 2, berserk 1, sense surroundings 1, regeneration 1, rot immunity,
sturdy frame 3
a: Berserk, Trog's Hand, Brothers in Arms, Renounce Religion


You were on level 9 of the Dungeon.
You worshipped Trog.
Trog was extremely pleased with you.
You were not hungry.

You visited 1 branch of the dungeon, and saw 12 of its levels.

You collected 694 gold pieces.
You spent 528 gold pieces at shops.

Inventory:

Hand Weapons
 E - a +4 war axe (weapon)
 F - a +3 war axe
Armour
 g - a +1 cloak (worn)
 q - a +0 pair of gloves (worn)
 y - a +4 ring mail of magic resistance (worn)
Jewellery
 c - an uncursed ring of ice
 h - a ring of wizardry (left hand)
 l - a +4 ring of dexterity (right hand)
Wands
 k - a wand of flame (27)
 p - a wand of disintegration (8)
 u - a wand of enslavement (9)
 A - a wand of digging (6)
 G - a wand of random effects (35)
 L - a wand of iceblast (3)
Scrolls
 b - 4 scrolls of blinking
 e - 2 scrolls of fog
 r - 5 scrolls of remove curse
 C - 3 scrolls of magic mapping
 D - a scroll of teleportation
 H - a scroll of fear
Potions
 i - 2 potions of brilliance
 n - a potion of lignification
 o - a potion of mutation
 t - 4 potions of curing
 v - 2 potions of cancellation
 x - a potion of flight
 z - 2 potions of might
 I - 2 potions of agility
 J - a potion of invisibility
Miscellaneous
 K - a phantom mirror
Comestibles
 f - 14 rations


   Skills:
 + Level 6.8(5.2) Fighting
 * Level 12.5(10.7) Axes
   Level 3.0(7.0) Maces & Flails
   Level 1.7(0.3) Bows
 - Level 1.0(0.0) Throwing
 + Level 5.8(4.2) Armour
 + Level 4.2(2.7) Dodging
 - Level 1.0(0.0) Stealth
 - Level 2.6(1.1) Unarmed Combat


You had 10 spell levels left.
You didn't know any spells.
Your spell library was empty.

Dungeon Overview and Level Annotations

Branches:
Dungeon (12/15)            Temple (0/1) D:7            Lair (0/6) D:8
    Orc: D:9-12

Altars:
Elyvilon
Nemelex Xobeh
Qazlal
Sif Muna
Trog

Shops:
D:5 [   D:10 !:

Annotations:
D:5 exclusion: door
D:10 3 runed doors


Innate Abilities, Weirdness & Mutations

You have a pair of horns on your head.
You are immune to rotting.
Your movements are significantly less encumbered by armour. (ER -6)
You tend to lose your temper in combat.
You passively map a small area around you.
Your natural rate of healing is unusually fast.


Message History

Things that are here:
a cursed +1 halberd; a +0 robe; 14 gold pieces You hit the wight.
The wight is lightly damaged.
You slash the wight! The wight hits you with a +0 flail!
* * * LOW HITPOINT WARNING * * *
You feel drained.
* * * LOW HITPOINT WARNING * * *
The wight hits you but does no damage.
You barely miss the wight.
The wight is severely damaged.
You hit the wight but do no damage. The wight closely misses you.
The wight completely misses you.
Unknown command.
You hit the wight.
The wight is lightly damaged.
You hit the wight.
The wight zaps a wand.
The bolt of acid hits you!
* * * LOW HITPOINT WARNING * * *
The acid corrodes you!
You are splashed with acid!
The acid burns!
You die...

...###.....()..........
, ,
..####....##.##.#######
* e####.....##....<# * ,
(#.).......###.#.#
(.)#.......)...<.###** ,
#............##)...# ,,
#.#..........###...#,
#.#.....#...[# #...#,
#...%..#.#..O# #@z$# *
#.....#.#.#FSz #z..# **
..#....#.#.z.c#....... *
*
......#.#.#Yz..........#
.....#.#$#.#...........#
....#/#.# #.#..........#
.....#.# #............,
....#.. .#........### *
..#...# ,


You could see 2 wights.

Vanquished Creatures
  A hydra (D:9)
  4 two-headed ogres
  Pikel (D:6)
  A deep elf mage (D:9)
  Prince Ribbit (D:9)
  A hippogriff (D:8)
  A shadow (D:10)
  Sigmund (D:6)
  4 yaks
  A hungry ghost (D:9)
  A steam dragon (D:9)
  2 ice beasts (D:9)
  3 orc warriors
  3 black bears
  A necrophage (D:10)
  2 phantoms
  2 sky beasts
  A slave (D:6)
  7 ogres
  5 centaurs
  A crocodile (D:10)
  3 big kobolds
  3 bullfrogs
  3 scorpions
  4 killer bees (D:8)
  6 wights
  4 crimson imps
  2 bullfrog zombies
  A quasit (D:9)
  2 hounds
  3 jellies
  3 orc wizards
  3 bullfrog skeletons
  Crazy Yiuf (D:3)
  Ijyb (D:5)
  5 worker ants
  4 iguanas
  A hound zombie (D:10)
  2 hound skeletons
  9 adders
  7 gnolls
  2 oozes
  An adder skeleton (D:5)
  5 worms
  2 dart slugs (D:1)
  6 leopard geckos
  16 orcs
  4 giant cockroaches
  14 goblins
  17 hobgoblins
  21 jackals
  4 quokkas
  A ball python (D:4)
  5 bats
  5 frilled lizards
  12 kobolds
  7 rats
233 creatures vanquished.

Vanquished Creatures (others)
  A ball python (D:6)
  3 plants (D:9)
4 creatures vanquished.

Grand Total: 237 creatures vanquished

Notes
Turn   | Place    | Note
-------+----------+-------------------------------------------
     0 | D:1      | lul123 the Demonspawn Wanderer began the quest for the Orb.
     0 | D:1      | lul123 set off with: a potion of berserk rage, a scroll of
                  | blinking, 2 potions of lignification, a +0 robe, a +0 club,
                  | a ration
     0 | D:1      | Reached XP level 1. HP: 16/16 MP: 1/1
   263 | D:1      | Reached skill level 1 in Maces & Flails
   263 | D:1      | Gained mutation: Your movements are slightly less
                  | encumbered by armour. (ER -2) [demonic ancestry]
   263 | D:1      | Reached XP level 2. HP: 12/23 MP: 2/2
  1129 | D:1      | Reached XP level 3. HP: 21/28 MP: 3/3
  1569 | D:2      | HP: 1/42 [worm (4)]
  2071 | D:2      | Found a white marble altar of Elyvilon.
  2713 | D:2      | Found a faded altar of an unknown god.
  2735 | D:2      | Became a worshipper of Trog the Wrathful
  2735 | D:2      | Reached * piety under Trog
  2823 | D:2      | Gained mutation: You have a pair of small horns on your
                  | head. [demonic ancestry]
  2823 | D:2      | Reached XP level 4. HP: 34/34 MP: 4/4
  3026 | D:2      | Upgraded the game from 0.23-a0-373-g305c090 to
                  | 0.23-a0-386-g9c9d49f
  3065 | D:3      | Reached skill level 1 in Armour
  3462 | D:3      | Found a runed door.
  3498 | D:3      | Found a sparkling altar of Nemelex Xobeh.
  3655 | D:3      | Noticed Crazy Yiuf
  3983 | D:3      | Killed Crazy Yiuf
  4114 | D:4      | Reached XP level 5. HP: 37/41 MP: 5/5
  4369 | D:4      | Reached ** piety under Trog
  4369 | D:4      | Reached skill level 1 in Axes
  4513 | D:4      | Noticed an ogre
  4519 | D:4      | Killed an ogre
  4519 | D:4      | Reached skill level 2 in Axes
  4519 | D:4      | Gained mutation: Your movements are less encumbered by
                  | armour. (ER -4) [demonic ancestry]
  4519 | D:4      | Reached XP level 6. HP: 47/47 MP: 6/6
  4595 | D:4      | Gained mutation: You tend to lose your temper in combat.
                  | [potion of mutation]
  4595 | D:4      | Gained mutation: You passively map a small area around you.
                  | [potion of mutation]
  4595 | D:4      | Gained mutation: Your natural rate of healing is unusually
                  | fast. [potion of mutation]
  4833 | D:5      | Entered Level 5 of the Dungeon
  4833 | D:5      | Noticed Ijyb
  4841 | D:5      | Killed Ijyb
  4847 | D:5      | Reached skill level 3 in Axes
  5182 | D:5      | Reached skill level 4 in Axes
  5182 | D:5      | Gained mutation: You have a pair of horns on your head.
                  | [demonic ancestry]
  5182 | D:5      | Reached XP level 7. HP: 45/52 MP: 7/7
  5254 | D:5      | Found a stormy altar of Qazlal.
  5272 | D:5      | Found a deep blue altar of Sif Muna.
  5455 | D:5      | Found Gero's Antique Armour Boutique.
  5465 | D:5      | Bought a runed ring mail for 168 gold pieces
  5556 | D:6      | Noticed Sigmund
  5563 | D:6      | Killed Sigmund
  5563 | D:6      | Reached skill level 5 in Axes
  5610 | D:6      | Noticed Pikel
  5623 | D:6      | Killed Pikel
  5623 | D:6      | Reached skill level 6 in Axes
  5623 | D:6      | Gained mutation: Your movements are significantly less
                  | encumbered by armour. (ER -6) [demonic ancestry]
  5623 | D:6      | Reached XP level 8. HP: 39/60 MP: 8/8
  6405 | D:7      | Reached skill level 7 in Axes
  6729 | D:7      | Reached *** piety under Trog
  6756 | D:7      | Found a staircase to the Ecumenical Temple.
  7410 | D:8      | Noticed a two-headed ogre
  7414 | D:8      | Killed a two-headed ogre
  7414 | D:8      | Reached skill level 8 in Axes
  7414 | D:8      | Reached XP level 9. HP: 67/67 MP: 9/9
  7473 | D:8      | Found a staircase to the Lair.
  7491 | D:8      | Reached skill level 5 in Fighting
  7491 | D:8      | Reached skill level 9 in Axes
  7879 | D:8      | Reached skill level 10 in Axes
  8023 | D:9      | Reached **** piety under Trog
  8023 | D:9      | Reached XP level 10. HP: 74/74 MP: 10/10
  8028 | D:9      | Noticed Prince Ribbit
  8028 | D:9      | Noticed a deep elf mage
  8029 | D:9      | Noticed a two-headed ogre
  8034 | D:9      | Noticed a seven-headed hydra
  8040 | D:9      | You fall through a shaft for 3 floors!
  8258 | D:10     | Entered Level 10 of the Dungeon
  8325 | D:10     | Found Kanoyni's Distillery.
  8347 | D:10     | Bought a potion of agility for 60 gold pieces
  8347 | D:10     | Bought a potion of agility for 60 gold pieces
  8347 | D:10     | Bought a potion of invisibility for 120 gold pieces
  8347 | D:10     | Bought a potion of invisibility for 120 gold pieces
  8363 | D:10     | Found Ryowown's Book Shoppe.
  8729 | D:10     | Found a runed gate.
  8732 | D:10     | Noticed a white very ugly thing
  8732 | D:10     | Noticed a red ugly thing
  8733 | D:10     | Found a runed gate.
  8733 | D:10     | Found a runed gate.
  8733 | D:10     | Noticed a purple ugly thing
  8733 | D:10     | Noticed a green ugly thing
  8819 | D:10     | Noticed a two-headed ogre
  8824 | D:10     | Killed a two-headed ogre
  8824 | D:10     | Reached skill level 5 in Armour
  8978 | D:10     | Reached skill level 11 in Axes
  9796 | D:9      | Received a gift from Trog
  9799 | D:9      | Reached ***** piety under Trog
  9820 | D:9      | Killed a two-headed ogre
  9889 | D:9      | Killed Prince Ribbit
  9907 | D:9      | Reached skill level 12 in Axes
  9907 | D:9      | Gained mutation: You are immune to rotting. [demonic
                  | ancestry]
  9907 | D:9      | Reached XP level 11. HP: 16/81 MP: 11/11
  9914 | D:9      | Killed a 13-headed hydra
 10002 | D:9      | Noticed a two-headed ogre
 10013 | D:9      | Killed a two-headed ogre
 10220 | D:9      | Killed a deep elf mage
 10265 | D:9      | HP: 3/83 [wight/wand of acid (11) (20)]
 10265 | D:9      | Splashed by a wight's acid

Vault maps used:
D:1:      ncdulo_halloftheorcs
D:2:      cheibrodos_greedy_goblins, chequers_ecumenical_altar_simple_redux,
          elyvilon_altar_3
D:3:      serial_glass, glass_columns_a, glass_columns_c, due_unseen_surprise,
          minmay_strange_pillars, chequers_mini_garden, amethyst_killhole,
          chequers_serial_rivers_room_a, nemelex_diamond_rough_becter,
          uniq_crazy_yiuf_cottage
D:4:      first_ration, minmay_goblin_outpost
D:5:      led_sif_book, nicolae_qazlal_general_emergency, serial_shops, shop,
          minmay_splitting_lines, uniq_ijyb
D:6:      cheibrodos_quashed, uniq_sigmund, uniq_pikel
D:7:      minmay_temple_entry_glass
D:8:      dpeg_oklobed_lair
D:9:      minmay_the_grid_four_pointed_star_mashed, lemuel_doored_altar,
          david_nohive_1, st_stairs_6, minmay_lizard_king, uniq_prince_ribbit1
D:10:     ploomutoo_gammafunk_ghost_potion_laboratory, serial_shops, shop,
          kennysheep_mini_moat, moated_statue, evilmike_minifort
D:11:     david_orc_3, minmay_bent
D:12:     basic_altar, lab_entry_generic, lemuel_mausoleum_altar_yredelemnul

Skill      XL: |  1  2  3  4  5  6  7  8  9 10 |
---------------+-------------------------------+-----
Maces & Flails | 1 2 3 |  3.0
Armour         | 1 2 4 5 |  5.8
Fighting       | 3 4 5 6 |  6.8
Axes           | 2 4 6 8 10 12 | 12.5
Dodging        | 2 3 4 |  4.2
Bows           | |  1.7
Throwing       | |  1.0
Stealth        | |  1.0
Unarmed Combat | |  2.6

Action                   |  1- 3 |  4- 6 |  7- 9 | 10-12 || total
-------------------------+-------+-------+-------+-------++-------
Melee: Club              |   213 |    72 |       |       ||   285
       Punch             |     1 |     4 |     1 |     4 ||    10
       Headbutt          |       |    25 |    41 |    52 ||   118
       War axe           |       |    95 |   208 |   224 ||   527
Invok: Berserk           |     1 |     4 |     4 |     4 ||    13
Evoke: Wand              |       |     2 |     1 |       ||     3
  Use: Potion            |     2 |     5 |     1 |     3 ||    11
       Scroll            |       |     5 |    12 |     1 ||    18
 Stab: Invisible         |       |       |       |     2 ||     2
  Eat: Chunk             |     4 |     3 |    10 |       ||    17
       Ration            |     1 |     2 |     1 |     4 ||     8
Armor: Robe              |     3 |       |       |       ||     3
       Ring mail         |    95 |    63 |    66 |   122 ||   346
       Skin              |     2 |    26 |    38 |       ||    66
Dodge: Dodged            |   142 |   121 |   119 |   196 ||   578

Table legend:
 A = Non-vault XP
 B = Vault XP
 C = Vault XP percentage of total XP
 D = Non-vault monster count
 E = Vault monster count
 F = Vault count percentage of total count
                 A         B        C        D         E       F
            +---------+---------+-------+---------+---------+-------
      Total |    8392 |    5788 |  40.8 |     192 |      40 |  17.2
            +---------+---------+-------+---------+---------+-------
        D:1 |      50 |       0 |   0.0 |      24 |       0 |   0.0
        D:2 |      33 |      22 |  40.0 |      15 |      11 |  42.3
        D:3 |      44 |      37 |  45.7 |      15 |       1 |   6.2
        D:4 |     294 |      10 |   3.3 |      16 |       5 |  23.8
        D:5 |     425 |      36 |   7.8 |      14 |       1 |   6.7
        D:6 |     120 |     856 |  87.7 |       6 |       2 |  25.0
        D:7 |     570 |       0 |   0.0 |      23 |       0 |   0.0
        D:8 |    2922 |       0 |   0.0 |      31 |       0 |   0.0
        D:9 |    1955 |    4827 |  71.2 |      28 |      20 |  41.7
       D:10 |    1873 |       0 |   0.0 |      19 |       0 |   0.0
       D:12 |     106 |       0 |   0.0 |       1 |       0 |   0.0
            +---------+---------+-------+---------+---------+-------
